Map: Ruins of Seras

Players

Girus - Winner!

  • Race: Protoss Protoss
  • League: Bronze

Thestalos

  • Race: Terran Terran
  • League: Bronze

VOD

Have the link to the VOD?

Description

Time

  • Played on: Nov. 30, 2015, 3:14 p.m.
  • Length: 9:57
Show
View Real Time Build Order
Export as new Build Order

Girus Protoss - Winner!

Build Orders:  

Get SALT Encoding   

  12  0:01  Probe (Chrono Boost)  
  13  0:12  Probe (Chrono Boost)  
  14  0:22  Pylon  
  14  0:25  Probe (Chrono Boost)  
  15  0:33  Assimilator  
  15  0:45  Probe (Chrono Boost)  
  15  0:46  Gateway  
  16  0:56  Probe (Chrono Boost)  
  17  1:06  Probe (Chrono Boost)  
  18  1:14  Pylon  
  18  1:17  Probe (Chrono Boost)  
  19  1:27  Probe (Chrono Boost)  
  19  1:32  Assimilator  
  20  1:36  Zealot  
  20  1:38  Probe (Chrono Boost)  
  23  1:47  Cybernetics Core  
  23  1:48  Probe (Chrono Boost)  
  24  1:59  Probe (Chrono Boost)  
  25  2:18  Nexus  
  25  2:24  Warp Gate (Chrono Boost)  
  25  2:32  Mothership Core  
  27  2:42  Adept  
  29  2:54  Twilight Council  
  29  3:03  Robotics Facility  
  29  3:09  Stalker  
  31  3:19  Pylon  
  31  3:29  Probe  
  32  3:40  Gateway  
  32  3:41  Probe  
  32  3:42  Gateway  
  32  3:47  Probe  
  33  3:53  Probe  
  35  3:56  Resonating Glaives  
  35  3:58  Probe  
  36  4:14  Gateway  
  36  4:17  Gateway  
  36  4:25  Gateway  
  36  4:32  Probe  
  36  4:34  Probe  
  38  4:39  Pylon  
  38  4:43  Probe  
  39  4:46  Probe  
  40  4:53  Probe  
  41  5:05  Adept x2  
  41  5:06  Adept  
  47  5:26  Adept x5  
  47  5:27  Adept  
  55  5:35  Probe  
  55  5:36  Probe  
  57  5:48  Forge x2  
  57  5:49  Immortal  
  61  6:31  Pylon  
  61  6:32  Pylon  
  61  6:35  Probe  
  62  6:50  Stalker x2  
  62  6:51  Stalker x4  
  74  6:56  Observer  
  74  7:00  Protoss Ground Weapons Level 1 (Chrono Boost)  
  74  7:01  Protoss Shields Level 1 (Chrono Boost)  
  75  7:17  Warp Prism  
  77  7:24  Nexus  
  77  7:36  Gateway  
  77  7:38  Pylon  
  77  7:40  Pylon  
  77  7:42  Pylon  
  77  7:44  Pylon  
  77  7:46  Pylon  
  77  8:19  Adept  
  67  8:54  Adept x5  
  67  8:55  Adept  
Show
View Real Time Build Order
Export as new Build Order

Thestalos Terran 

Build Orders:  

Get SALT Encoding   

  12  0:01  SCV  
  13  0:13  SCV  
  14  0:25  SCV  
  14  0:28  Supply Depot  
  15  0:33  Refinery  
  15  0:48  Supply Depot  
  15  0:54  Barracks  
  15  0:57  SCV  
  16  1:09  SCV  
  16  1:36  Barracks  
  16  1:41  Orbital Command  
  16  1:43  Barracks Reactor  
  16  1:49  Supply Depot  
  16  2:08  SCV  
  17  2:21  Marine x2  
  19  2:23  Barracks Tech Lab  
  19  2:24  Barracks  
  19  2:32  Engineering Bay  
  19  2:42  Marine x2  
  21  2:54  Supply Depot  
  21  2:57  Combat Shields  
  21  3:00  Marine x2  
  23  3:07  Marauder  
  25  3:14  Barracks Reactor, Supply Depot  
  25  3:21  Terran Infantry Weapons Level 1  
  25  3:31  Marine  
  25  3:32  Marine  
  27  3:39  Marauder  
  29  3:49  Marine x2  
  31  4:01  Marauder  
  33  4:07  Marine  
  33  4:08  Marine  
  35  4:17  SCV  
  35  4:22  Marauder  
  35  4:23  Marine  
  39  4:25  Marine  
  39  4:27  Marine  
  41  4:38  Factory  
  41  4:41  Marine  
  41  4:42  Marine  
  41  4:43  Marauder, Marine  
  46  4:45  Marine  
  47  5:00  Marine  
  47  5:01  Marine x2  
  47  5:03  Marine  
  47  5:05  Marauder  
  53  5:18  Marine  
  53  5:19  Marine  
  53  5:26  Marauder  
  53  5:28  Factory Tech Lab  
  50  5:30  Marine  
  50  5:32  Refinery  
  51  5:36  Marine x2  
  53  5:47  Marauder  
  36  6:19  Command Center  
  36  6:20  Marine x2, Marauder  
  40  6:33  Siege Tank  
  43  6:56  Marauder, Marine x2  
  47  7:05  Siege Tank  
  50  7:12  Starport  
  50  7:14  Marine  
  51  7:30  Orbital Command  
  51  7:35  Marine x3  
  51  7:36  Marine  
  55  7:48  SCV  
  55  7:50  Starport Reactor  
  56  7:53  Terran Infantry Armor Level 1  
  56  7:56  Marine x2  
  56  7:57  Marine x2  
  60  8:01  Supply Depot  
  45  8:24  Marine  
  45  8:25  Marine x2  
  45  8:26  Marine, Marauder  
  40  8:42  Marine x2  
  40  8:43  Marine  
  40  8:45  Missile Turret  
  43  8:48  Medivac  
  43  8:49  Medivac  
  43  8:50  Missile Turret  
Tags
 
Add a new tag
Caveats
  • Supply blocks, unpowered buildings, or Contaminate may cause inaccurate times.
  • Supply counts are checked every 10 seconds.